 Dungeon Crawl Stone Soup version 0.32-a0-314-g526f7d4993 (webtiles) character file.

Game seed: 3848229025663946045

3995 ezpacito the Cleaver (level 10, -1/108 HPs)
             Began as a Demonspawn Gladiator on Feb 15, 2024.
             Was a Believer of Beogh.
             Slain by an orange demon (3 damage)
             ... led by Amaemon
             ... on level 8 of the Dungeon.
             The game lasted 00:17:20 (6030 turns).

ezpacito the Cleaver (Demonspawn Gladiator)         Turns: 6030, Time: 00:17:20

Health: -1/108     AC: 25    Str: 18    XL:     10   Next: 3%
Magic:  15/15      EV:  2    Int: 14    God:    Beogh [**....]
Gold:   427        SH: 11    Dex: 16    Spells: 1/16 levels left

rFire   + . .        r - +0 broad axe (venom)
rCold   + . .        y - +2 buckler {rN+}
rNeg    + + .        a - melded +4 ring mail {Will+}
rPois   +            c - melded +0 helmet
rElec   +            w - melded +1 cloak
rCorr   +            (gloves currently unavailable)
SInv    .            (boots currently unavailable)
Will    .....        b - amulet "Quymm" {Acrobat rN+}
Stlth   +++          g - +6 ring of intelligence
HPRegen 0.38/turn    i - ring of poison resistance
MPRegen 0.14/turn

%: acrobat
@: tree-form, resistant
A: stationary, stasis, torment immunity, boosted hp, (claws 2), condensation
shield, demonic magic 1
a: Renounce Religion, Smiting


You were on level 8 of the Dungeon.
You worshipped Beogh.
Beogh was pleased with you.
You were a tree.
You visited 2 branches of the dungeon, and saw 9 of its levels.
You also visited: Ossuary.

You collected 567 gold pieces.
You spent 140 gold pieces at shops.

Inventory:

Hand Weapons
 r - a +0 broad axe of venom (weapon)
Missiles
 d - 4 throwing nets (quivered)
 e - a javelin
 k - 65 stones
 t - 3 poisoned darts
 u - 2 boomerangs
Armour
 a - a +4 ring mail of willpower (melded)
 c - a +0 helmet (melded)
 j - +0 steam dragon scales
 w - a +1 cloak (melded)
 y - a +2 buckler of positive energy (worn)
Jewellery
 b - the amulet "Quymm" (around neck) {Acrobat rN+}
   (You found it on level 2 of the Dungeon)

   [amulet of the acrobat]

   Acrobat:   It increases your evasion while moving and waiting.
   rN+:       It protects you from negative energy.
 g - a +6 ring of intelligence (left branch)
 h - an amulet of reflection
 i - a ring of poison resistance (right branch)
 q - an amulet of faith
Wands
 l - a wand of roots (2)
 o - a wand of flame (6)
 z - a wand of polymorph (5)
 A - a wand of mindburst (1)
 B - a wand of digging (6)
Scrolls
 m - 2 scrolls of amnesia
Potions
 f - a potion of cancellation
 n - 2 potions of lignification
 s - a potion of mutation
 v - 3 potions of enlightenment
 x - a potion of brilliance


   Skills:
 * Level 4.2 Fighting
 * Level 8.0 Axes
 + Level 1.7 Throwing
 * Level 3.8 Armour
 * Level 4.5 Dodging
 * Level 3.6 Stealth
 * Level 2.3 Shields
 * Level 3.3 Unarmed Combat
 * Level 3.7 Spellcasting
 * Level 0.1 Summonings
 * Level 3.8 Necromancy
 * Level 1.8 Invocations
 * Level 3.7 Evocations


You had one spell level left.
You knew the following spells:

 Your Spells              Type           Power      Damage    Failure   Level
a - Necrotise             Necr           52%        1d6       5%          1
b - Curse of Agony        Necr           13%        N/A       82%         5
c - Vampiric Draining     Necr           13%        2d6       16%         3
d - Blink                 Tloc           4%         N/A       36%         2
e - Martyr's Knell        Necr/Summ      8%         N/A       73%         4

Your spell library contained the following spells:

 Spells                   Type           Power      Damage    Failure   Level
 Magic Dart               Conj           8%         1d3       26%         1
 Shock                    Conj/Air       8%         1d3       26%         1
 Sublimation of Blood     Necr           13%        N/A       8%          2
 Call Imp                 Summ           4%         N/A       36%         2
 Static Discharge         Conj/Air       4%         3-4/arc   36%         2
 Dazzling Flash           Conj/Hex       4%         N/A       58%         3
 Hailstorm                Conj/Ice       2%         3d5       58%         3
 Summon Ice Beast         Ice/Summ       2%         N/A       58%         3
 Swiftness                Air            2%         N/A       58%         3
 Volatile Blastmotes      Fire/Tloc      4%         2d10      58%         3
 Airstrike                Air            1%         2d(1-17)  94%         4
 Petrify                  Alch/Erth      2%         N/A       94%         4
 Summon Lightning Spire   Summ/Air       2%         N/A       94%         4
 Irradiate                Conj/Alch      1%         3d12      100%        5
 Sculpt Simulacrum        Ice/Alch       1%         N/A       100%        6
 Starburst                Conj/Fire      1%         6d3       100%        6
 Maxwell's Capacitive Co  Air            1%         ∞         100%        8


Dungeon Overview and Level Annotations

Branches:
Dungeon (8/15)             Temple (1/1) D:6         Ossuary (visited)
   Lair: D:8-11

Altars:
Cheibriados
Dithmenos
Fedhas
Gozag
Hepliaklqana
Kikubaaqudgha
Makhleb
Okawaru
Qazlal
Ru
Sif Muna
Trog
Uskayaw
Wu Jian

Shops:
D:3 (   D:4 *

Annotations:
D:8 Amaemon


Innate Abilities, Weirdness & Mutations

You are a tree.
Your roots penetrate the ground, keeping you stationary.
You cannot be teleported.
You are immune to unholy pain and torment.
Your maximum health is greatly increased.
Your equipment is partially melded.
Your facial features look somewhat orcish.
((You have very sharp fingernails.))
A meltable shield of frost defends you. (SH +4)
Spells you cast may paralyse adjacent enemies.


Message History

* * * LOW HITPOINT WARNING * * *
Amaemon tail-slaps you but does no damage.
You slash Amaemon!
Amaemon looks as sick as possible!
Amaemon is heavily wounded.
You feel yourself speed up.
You feel sick.
You are no longer poisoned.
The orange demon stings you from afar.
* * * LOW HITPOINT WARNING * * *
You resist.
Amaemon hits you with a +1 demon whip of venom.
* * * LOW HITPOINT WARNING * * *
Amaemon claws you but does no damage. Amaemon completely misses you.
You barely miss Amaemon.
Amaemon is heavily wounded.
You closely miss the bullfrog. The bullfrog barely misses you.
The orange demon stings you but does no damage.
Amaemon hits you but does no damage. You block Amaemon's attack.
Amaemon tail-slaps you but does no damage.
The bullfrog hits you but does no damage.
The orange demon stings you but does no damage.
Amaemon hits you with a +1 demon whip of venom.
* * * LOW HITPOINT WARNING * * *
You block Amaemon's attack.
Amaemon tail-slaps you but does no damage.
You closely miss Amaemon.
Amaemon is severely wounded.
You hit the bullfrog.
The bullfrog is poisoned.
You block the bullfrog's attack. You block the orange demon's attack.
The bullfrog hits you but does no damage.
Amaemon hits you but does no damage. Amaemon claws you but does no damage.
Amaemon tail-slaps you but does no damage.
Okay, then.
Aiming: Mindburst
Press: ? - help, Shift-Dir - straight line, f/p - Amaemon
Aim: Amaemon, wielding a +1 demon whip of venom (severely wounded, extremely poisoned, chance to affect: 46%) Amaemon resists with some effort.
The bullfrog hits you but does no damage.
The orange demon stings you from afar.
You die...

## ##..# ....##
##.#... ......#
##.#.#.###
##.........
#.6F4...#
#.♣####.#
#...## ####. #
#..#.##......
#.#.###........
#.#..#.##.####.
#.........#
###...##### #.
#...######## #.
#...........


You could see Amaemon (extremely poisoned), an orange demon (curare) and a
bullfrog (very poisoned).

Vanquished Creatures
  Maurice (D:7)
  Sigmund (D:4)
  A wyvern (D:8)
  A steam dragon (D:7)
  A water moccasin (D:6)
  2 orc warriors (D:7)
  An ice beast (D:4)
  4 sky beasts
  An ogre (D:7)
  2 centaurs (D:7)
  3 elf zombies (Ossuary)
  A scorpion (D:4)
  4 bullfrogs
  4 wights
  2 burial acolytes (Ossuary)
  7 killer bees
  A bombardier beetle (D:5)
  A hound (D:6)
  8 jellies
  2 orc priests (D:7)
  A gnoll bouda (D:6)
  Crazy Yiuf (D:4)
  4 orc wizards
  A sleepcap (D:8)
  4 iguanas
  A hound zombie (Ossuary)
  2 mummies (Ossuary)
  Robin (D:4)
  5 adders
  5 gnolls (D:6)
  A white imp (D:6)
  2 ufetubi (D:5)
  3 ribbon worms
  5 dart slugs
  30 orcs
  11 endoplasms
  4 giant cockroaches
  A gnoll zombie (Ossuary)
  21 goblins
  12 hobgoblins
  4 jackals
  2 quokkas (D:1)
  8 ball pythons
  5 bats
  4 frilled lizards
  3 kobolds
  8 rats
  2 rat zombies (D:7)
199 creatures vanquished.

Vanquished Creatures (others)
  3 orcs
  2 goblins (D:4)
5 creatures vanquished.

Grand Total: 204 creatures vanquished

Notes
Turn   | Place    | Note
-------+----------+-------------------------------------------
     0 | D:1      | ezpacito the Demonspawn Gladiator began the quest for the
                  | Orb.
     0 | D:1      | Reached XP level 1. HP: 16/16 MP: 1/1
    78 | D:1      | Gained mutation: A meltable shield of frost defends you.
                  | (SH +4) [demonic ancestry]
    78 | D:1      | Reached XP level 2. HP: 17/22 MP: 2/2
   134 | D:1      | Reached skill level 3 in Axes
   365 | D:1      | Reached XP level 3. HP: 25/25 MP: 3/3
   757 | D:2      | Found a faded altar of an unknown god.
   774 | D:2      | Identified the amulet "Quymm" {Acrobat rN+}
   902 | D:2      | Gained mutation: You have sharp fingernails. [demonic
                  | ancestry]
   902 | D:2      | Reached XP level 4. HP: 33/33 MP: 4/4
  1182 | D:2      | Reached skill level 1 in Armour
  1350 | D:3      | Reached skill level 1 in Unarmed Combat
  1350 | D:3      | Reached skill level 1 in Spellcasting
  1350 | D:3      | Reached skill level 1 in Evocations
  1395 | D:3      | Reached XP level 5. HP: 28/39 MP: 6/6
  1446 | D:3      | Learned a level 1 spell: Necrotise
  1452 | D:3      | Learned a level 5 spell: Curse of Agony
  1646 | D:3      | Reached skill level 4 in Axes
  1689 | D:3      | Found Saynwic's Weapon Shop.
  1700 | D:3      | Bought a +0 broad axe of venom for 95 gold pieces
  2012 | D:4      | Gained mutation: You have very sharp fingernails. [demonic
                  | ancestry]
  2012 | D:4      | Reached XP level 6. HP: 40/46 MP: 7/7
  2089 | D:4      | Found Xune Eni's CLEARANCE SALE!.
  2116 | D:4      | Noticed Robin
  2129 | D:4      | Killed Robin
  2130 | D:4      | Reached skill level 1 in Necromancy
  2142 | D:4      | Reached skill level 1 in Stealth
  2222 | D:4      | Reached skill level 5 in Axes
  2222 | D:4      | Reached XP level 7. HP: 42/51 MP: 9/9
  2278 | D:4      | Noticed Sigmund
  2288 | D:4      | Killed Sigmund
  2412 | D:4      | Found a runed translucent door.
  2413 | D:4      | Noticed Crazy Yiuf
  2456 | D:4      | Learned a level 3 spell: Vampiric Draining
  2565 | D:4      | Killed Crazy Yiuf
  2595 | D:5      | Entered Level 5 of the Dungeon
  2620 | D:4      | HP: 1/52 [ice beast (10)]
  2626 | D:4      | Gained mutation: Spells you cast may paralyse adjacent
                  | enemies. [demonic ancestry]
  2626 | D:4      | Reached XP level 8. HP: 16/58 MP: 11/11
  2630 | D:4      | Learned a level 2 spell: Blink
  2809 | D:5      | HP: 2/58 [sky beast (6)]
  3342 | D:5      | Found an ancient bone altar of Kikubaaqudgha.
  3609 | D:6      | Became a worshipper of Beogh the Shepherd
  3615 | D:6      | Reached skill level 6 in Axes
  3948 | D:4      | Bought a scroll of enchant armour for 45 gold pieces
  4135 | D:6      | Found a staircase to the Ecumenical Temple.
  4201 | D:6      | Found a sacrificial altar of Ru.
  4497 | Temple   | Entered the Ecumenical Temple
  4662 | D:7      | Reached skill level 1 in Shields
  4664 | D:7      | Reached * piety under Beogh
  4665 | D:7      | Reached XP level 9. HP: 65/65 MP: 13/13
  4715 | D:7      | Reached skill level 7 in Axes
  4770 | D:7      | Found a sand-covered staircase.
  4794 | Ossuary  | Entered an ossuary
  4794 | Ossuary  | Found a huge runed translucent gate.
  4794 | Ossuary  | Found a huge runed translucent gate.
  4794 | Ossuary  | Found a huge runed translucent gate.
  4794 | Ossuary  | Found a huge runed translucent gate.
  4794 | Ossuary  | Found a huge runed translucent gate.
  4794 | Ossuary  | Found a huge runed translucent gate.
  4794 | Ossuary  | Found a huge runed translucent gate.
  4794 | Ossuary  | Found a huge runed translucent gate.
  4794 | Ossuary  | Found a huge runed translucent gate.
  4796 | Ossuary  | Found a huge runed translucent gate.
  4796 | Ossuary  | Found a huge runed translucent gate.
  4797 | Ossuary  | Found a huge runed translucent gate.
  4797 | Ossuary  | Found a huge runed translucent gate.
  4799 | Ossuary  | Found a huge runed translucent gate.
  4799 | Ossuary  | Found a huge runed translucent gate.
  4805 | Ossuary  | Found a huge runed translucent gate.
  4805 | Ossuary  | Found a huge runed translucent gate.
  4805 | Ossuary  | Found a huge runed translucent gate.
  4805 | Ossuary  | Found a huge runed translucent gate.
  4808 | Ossuary  | Found a huge runed translucent gate.
  4810 | Ossuary  | Found a huge runed translucent gate.
  4810 | Ossuary  | Found a huge runed translucent gate.
  4815 | Ossuary  | Found a huge runed translucent gate.
  4815 | Ossuary  | Found a huge runed translucent gate.
  4816 | Ossuary  | Found a huge runed translucent gate.
  4816 | Ossuary  | Found a huge runed translucent gate.
  4817 | Ossuary  | Found a huge runed translucent gate.
  4817 | Ossuary  | Found a huge runed translucent gate.
  4827 | Ossuary  | Found a huge runed translucent gate.
  4829 | Ossuary  | Found a huge runed translucent gate.
  4832 | Ossuary  | Found a huge runed translucent gate.
  4832 | Ossuary  | Found a huge runed translucent gate.
  4832 | Ossuary  | Found a huge runed translucent gate.
  4832 | Ossuary  | Found a huge runed translucent gate.
  4834 | Ossuary  | Found a huge runed translucent gate.
  5522 | D:8      | Noticed Maurice
  5709 | D:7      | Maurice stole 291 gold
  5725 | D:7      | Killed Maurice
  5726 | D:7      | Reached skill level 1 in Invocations
  5751 | D:8      | Reached ** piety under Beogh
  6002 | D:8      | Learned a level 4 spell: Martyr's Knell
  6013 | D:8      | Noticed Amaemon
  6013 | D:8      | Noticed an orange demon
  6020 | D:8      | Reached skill level 8 in Axes
  6020 | D:8      | Reached XP level 10. HP: 36/72 MP: 15/15
  6027 | D:8      | HP: 3/108 [Amaemon/+1 demon whip of venom (5)]
  6028 | D:8      | HP: 1/108 [Amaemon/+1 demon whip of venom (2)]
  6030 | D:8      | Slain by an orange demon

Illustrated notes

Levels and vault maps discovered:
D:1:      dpeg_arrival_refuge, layout_basic, minmay_misc_feat_room
D:2:      layout_basic, hellmonk_ecumenical_altar_dog_temple
D:3:      minmay_angry_zag, layout_rooms, serial_shops, shop
D:4:      layout_rooms, st_stairs_10, nicolae_shop_clearance, uniq_sigmund,
          uniq_robin, uniq_crazy_yiuf_cottage
D:5:      layout_rooms, lemuel_tele_altar
D:6:      layout_basic, nicolae_ru_great_annihilating_truth,
          minmay_temple_entry_junction_2, st_stairs_13
D:7:      layout_loops_cross, enter_ossuary_4
D:8:      layout_loops_ring, chequers_temple_overflow_statue_of_worship,
          uniq_maurice, uniq_amaemon
Temple:   jpeg_temple_clearing

Skill      XL: |  1  2  3  4  5  6  7  8  9 |
---------------+----------------------------+-----
Axes           | 3 4 5 6 8 |  8.0
Dodging        | 3 4 |  4.5
Armour         | 1 2 3 |  3.8
Unarmed Combat | 1 2 3 |  3.3
Spellcasting   | 1 2 3 |  3.7
Evocations     | 1 2 3 |  3.7
Necromancy     | 1 2 3 |  3.8
Stealth        | 1 2 3 |  3.6
Fighting       | 3 4 |  4.2
Shields        | 1 2 |  2.3
Invocations    | 1 |  1.8
Throwing       | |  1.7
Summonings     | |  0.1

Action                     |  1- 3 |  4- 6 |  7- 9 | 10-12 || total
---------------------------+-------+-------+-------+-------++-------
  Melee: War axe           |    84 |    77 |       |       ||   161
         Broad axe         |       |    61 |   297 |     7 ||   365
   Cast: Necrotise         |       |     6 |     1 |       ||     7
 Invoke: Convert to Beogh  |       |       |     1 |       ||     1
  Evoke: Wand              |       |       |     4 |     1 ||     5
    Use: Scroll            |     1 |     3 |    10 |       ||    14
         Potion            |       |     4 |     7 |     3 ||    14
   Stab: Sleeping          |     1 |       |     7 |       ||     8
         Invisible         |       |     6 |     1 |       ||     7
 Armour: Leather armour    |    31 |       |       |       ||    31
         Ring mail         |     6 |    48 |   231 |     2 ||   287
         Chain mail        |       |    71 |       |       ||    71
         Skin              |       |       |       |    54 ||    54
  Dodge: Dodged            |    46 |   160 |   194 |     6 ||   406
  Block: Other             |    37 |    34 |    29 |       ||   100
         Buckler           |       |       |   102 |    15 ||   117

Table legend: (Time is in decaauts)
 A = Elapsed time spent in this place.
 B = Non-inter-level travel time spent in this place.
 C = Inter-level travel time spent in this place.
 D = Time resting spent in this place.
 E = Time spent auto-exploring this place.
 F = Levels seen in this place.
 G = Mean time per level.
                   A        B        C        D        E       F      G
               +--------+--------+--------+--------+--------+-----+--------+
         Total |   6191 |   5807 |    384 |    520 |   3563 |  10 |  619.1 |
       Dungeon |   5996 |   5621 |    375 |    520 |   3522 |   8 |  749.5 |
        Temple |     16 |      8 |      8 |      0 |      0 |   1 |   16.0 |
       Ossuary |    177 |    177 |      0 |      0 |     41 |   1 |  177.0 |
               +--------+--------+--------+--------+--------+-----+--------+

Top non-repeatable levels by time:
     D:7: 1042 daAuts
     D:4: 943 daAuts
     D:6: 892 daAuts
     D:5: 743 daAuts
     D:1: 703 daAuts
     D:2: 680 daAuts
     D:3: 666 daAuts
     D:8: 325 daAuts
 Ossuary: 177 daAuts
  Temple: 16 daAuts
